 Dungeon Crawl Stone Soup version 0.27-a0-1139-g28e009f8a6 (console) character file.

Game seed: 2314739550048233987

18 Gather the Insei (level 2, 0/18 HPs)
             Began as an Octopode Transmuter on May 7, 2021.
             Slain by a quokka (3 damage)
             ... on level 1 of the Dungeon.
             The game lasted 00:02:36 (392 turns).

Gather the Insei (Octopode Transmuter)               Turns: 392, Time: 00:02:37

Health: 0/18       AC:  1    Str:  9    XL:     2   Next: 66%
Magic:  5/5        EV: 13    Int: 15    God:
Gold:   23         SH:  0    Dex: 12    Spells: 2/5 levels left

rFire    . . .     SeeInvis .     - Unarmed
rCold    . . .     Faith    .   (no shield)
rNeg     . . .     Spirit   .   (helmet restricted)
rPois    .         Reflect  .   (no amulet)
rElec    .         Harm     .   (no ring)
rCorr    .         Rampage  .   (no ring)
Will     .....                  (no ring)
Stlth    ++........             (no ring)
HPRegen  0.06/turn              (no ring)
MPRegen  0.09/turn              (no ring)
                                (no ring)
                                (no ring)

@: no status effects
A: almost no armour, amphibious, 8 rings, camouflage 1, gelatinous body 1,
(nimble swimmer 1), tentacles
a: no special abilities


You were on level 1 of the Dungeon.
You visited 1 branch of the dungeon, and saw 1 of its levels.

You collected 23 gold pieces.

Inventory:

Missiles
 a - 13 stones
Scrolls
 b - 2 scrolls of noise
 c - a scroll of identify
 d - a scroll of immolation


   Skills:
 - Level 1.0 Fighting
 - Level 2.0 Dodging
 + Level 3.4 Unarmed Combat
 - Level 2.0 Spellcasting
 + Level 2.6 Transmutations


You had 2 spell levels left.
You knew the following spells:

 Your Spells              Type           Power      Damage    Failure   Level
a - Beastly Appendage     Tmut           18%        N/A       8%          1
w - Wereblood             Tmut           9%         N/A       12%         2

Your spell library contained the following spells:

 Spells                   Type           Power      Damage    Failure   Level
 Spider Form              Tmut/Pois      2%         N/A       36%         3
 Ice Form                 Ice/Tmut       5%         N/A       78%         4
 Hydra Form               Tmut           4%         N/A       91%         5


Dungeon Overview and Level Annotations

Branches:
Dungeon (1/15)

Altars:


Innate Abilities, Weirdness & Mutations

You cannot wear most types of armour.
You are amphibious.
You can wear up to eight rings at the same time.
Your skin changes colour to match your surroundings (Stealth+).
Your rubbery body absorbs attacks. (AC +1, EV +1)
((You are camouflaged near water. (Stealth+)))
You have tentacles for arms and can constrict up to eight enemies at once.


Message History

You howl as the wereblood boils in your veins!
You feel sick. The quokka barely misses you.
You feel sick.
You howl as the wereblood boils in your veins!
You feel sick. The jackal barely misses you.
Your tentacle spike disappears.
You feel sick.
You aren't carrying any potions.
As you read the scroll labelled LIXIPT KIREEGG, it crumbles to dust.
You hear a loud clanging noise!
It was a scroll of noise.
You feel sick.
You hear a shout!
You hear a bark! x11
The jackal misses you.
As you read the scroll labelled DAEBOI MIOWOE, it crumbles to dust.
It is a scroll of identify.
d - a scroll of immolation You feel sick.
The jackal completely misses you. x2
Really read the scroll of immolation?
Okay, then.
You feel sick.
You are no longer poisoned.
The quokka twitches its whiskers.
The jackal closely misses you. The jackal closely misses you.
The rat twitches its whiskers.
You howl as the wereblood boils in your veins!
Your primal bloodlust is almost over.
The jackal closely misses you. The jackal bites you.
* * * LOW HITPOINT WARNING * * *
You howl as the wereblood boils in your veins!
The quokka misses you. The jackal closely misses you.
You howl as the wereblood boils in your veins!
Your primal bloodlust has ended.
You see here a giant cockroach corpse.
The jackal bites you but does no damage.
You see here a +0 club.
The quokka bites you.
You die...

+##...'≈≈≈...# #.......##....#
. ≈≈#+#+#≈≈≈...#
#.............###.
≈≈≈≈≈≈≈≈≈≈...#
###...K.......#..P
≈≈≈≈≈≈≈≈≈≈...# #.........†...♣.
≈≈≈≈≈≈≈≈≈≈...# #r(......###P.PP
...........### #r....)..# #P♣_P
...........# #†.......# #..♣♣
##.######### ###..............
#..# #.)r.............. #.##
#hr............... #.#
#@........###..... #.#
#.........# ....
#.##############.........#.....
..........†..............#
###########..............#
#.............. #..............
#........###### #........#
#........# #........#


You could see 2 quokkas, a jackal and a rat.

Vanquished Creatures
  An endoplasm (D:1)
  2 giant cockroaches (D:1)
  3 goblins (D:1)
  3 hobgoblins (D:1)
  4 jackals (D:1)
  A rat (D:1)
14 creatures vanquished.

Vanquished Creatures (others)
  3 withered plants (D:1)
3 creatures vanquished.

Grand Total: 17 creatures vanquished

Notes
Turn   | Place    | Note
-------+----------+-------------------------------------------
     0 | D:1      | Gather the Octopode Transmuter began the quest for the Orb.
     0 | D:1      | Reached XP level 1. HP: 13/13 MP: 3/3
   182 | D:1      | Reached XP level 2. HP: 15/18 MP: 3/5
   315 | D:1      | Learned a level 2 spell: Wereblood
   323 | D:1      | Found a faded altar of an unknown god.
   392 | D:1      | Slain by a quokka

Illustrated notes

Levels and vault maps discovered:
D:1:      dpeg_arrival_castle, layout_basic, ebering_ecumenical_altar_petrified,
          kennysheep_small_spiral, st_stairs_9, serial_park_tiny_pond

Action                   || total
-------------------------++-------
Melee: Unarmed           ||    30
       Kick              ||    10
       Constrict         ||     4
       Tentacles         ||     3
 Cast: Beastly Appendage ||     5
       Wereblood         ||     1
  Use: Scroll            ||     2
Armor: Skin              ||     3
Dodge: Dodged            ||    28

Table legend: (Time is in decaauts)
 A = Elapsed time spent in this place.
 B = Non-inter-level travel time spent in this place.
 C = Inter-level travel time spent in this place.
 D = Time resting spent in this place.
 E = Time spent auto-exploring this place.
 F = Levels seen in this place.
 G = Mean time per level.
                   A        B        C        D        E       F      G
               +--------+--------+--------+--------+--------+-----+--------+
         Total |    390 |    390 |      0 |      0 |    283 |   1 |  390.0 |
       Dungeon |    390 |    390 |      0 |      0 |    283 |   1 |  390.0 |
               +--------+--------+--------+--------+--------+-----+--------+

Top non-repeatable levels by time:
     D:1: 390 daAuts
